Map: Oxide LE

Players

Reynor - Winner!

  • Race: Zerg Zerg

Trap

  • Race: Protoss Protoss

Event: TSL 7

VOD

Have the link to the VOD?

Description

Time

  • Played on: June 27, 2021, 9:14 a.m.
  • Length: 9:36

All games in this series

Show
View Real Time Build Order
Export as new Build Order

Reynor Zerg - Winner!

Build Orders: Hatch First 

Get SALT Encoding   

  12  0:00  Drone  
  13  0:12  Overlord  
  13  0:17  Drone  
  14  0:30  Drone x2  
  16  0:45  Drone  
  17  0:53  Hatchery  
  17  0:55  Drone  
  17  0:59  Drone  
  18  1:10  Extractor  
  17  1:13  Spawning Pool  
  17  1:16  Drone  
  17  1:20  Drone  
  18  1:27  Drone  
  19  1:38  Drone  
  20  1:49  Overlord  
  20  2:00  Queen  
  22  2:05  Queen  
  22  2:06  Drone x2  
  26  2:10  Drone  
  26  2:12  Metabolic Boost  
  27  2:16  Zergling x2  
  27  2:21  Zergling x2  
  29  2:26  Drone  
  30  2:35  Overlord  
  30  2:39  Zergling x2  
  30  2:40  Queen  
  30  2:42  Drone  
  34  2:48  Overlord  
  34  2:54  Hatchery  
  34  2:56  Drone  
  34  2:59  Drone  
  34  3:04  Drone  
  36  3:07  Queen  
  36  3:09  Drone  
  36  3:12  Drone  
  40  3:15  Drone x2  
  42  3:20  Overlord  
  42  3:22  Drone  
  43  3:27  Queen  
  43  3:30  Drone  
  46  3:35  Drone  
  46  3:38  Overlord  
  47  3:42  Drone x4  
  51  3:49  Overlord  
  50  3:56  Queen  
  50  3:58  Zergling x8  
  56  4:05  Zergling x2  
  56  4:06  Drone, Queen  
  59  4:10  Drone  
  59  4:14  Drone  
  59  4:16  Drone x2  
  63  4:18  Drone  
  63  4:19  Roach Warren  
  63  4:21  Overlord  
  63  4:26  Drone x2  
  65  4:38  Drone x7  
  65  4:45  Overlord  
  68  4:46  Lair  
  68  4:48  Drone x2  
  68  4:49  Drone  
  71  4:53  Evolution Chamber  
  71  4:56  Extractor  
  71  4:57  Extractor, Queen  
  71  4:58  Drone  
  71  5:01  Overlord  
  71  5:04  Drone x2  
  71  5:05  Drone  
  71  5:06  Drone  
  75  5:12  Drone x2  
  74  5:14  Overlord  
  74  5:18  Drone x3  
  74  5:20  Zerg Missile Weapons Level 1  
  77  5:22  Drone x2  
  77  5:24  Overlord  
  77  5:28  Drone x2  
  80  5:29  Overlord  
  80  5:31  Extractor  
  79  5:36  Drone x3  
  79  5:38  Queen  
  79  5:39  Queen  
  79  5:42  Overlord  
  85  5:43  Drone x2  
  85  5:45  Overseer  
  85  5:49  Overlord  
  87  5:51  Drone x3  
  87  5:52  Overlord  
  90  5:59  Extractor  
  90  6:00  Extractor, Zergling x12  
  94  6:07  Overlord  
  94  6:11  Drone x3  
  96  6:13  Queen  
  96  6:14  Queen, Overlord  
  101  6:20  Overlord  
  100  6:33  Drone  
  100  6:35  Spore Crawler  
  100  6:36  Overlord  
  98  6:41  Hatchery  
  98  6:46  Pneumatized Carapace, Overlord  
  96  6:47  Overseer  
  96  6:52  Glial Reconstitution  
  96  6:53  Queen  
  98  7:00  Spore Crawler, Overlord  
  97  7:09  Roach x11  
  97  7:11  Overlord  
  97  7:15  Roach x7  
  133  7:21  Overlord  
  133  7:26  Roach x5  
  143  7:33  Roach x2  
  143  7:34  Queen  
  143  7:35  Overlord  
  149  7:37  Roach x2  
  149  7:40  Queen  
  155  7:47  Roach  
  155  7:48  Roach x3  
  155  7:50  Overlord  
  163  7:53  Queen  
  163  7:56  Ravager x2  
  163  7:57  Ravager x6  
  172  7:59  Ravager x3  
  172  8:02  Ravager  
  172  8:03  Ravager x2  
  178  8:06  Zergling x10  
  178  8:07  Ravager  
  178  8:10  Roach x2  
  178  8:11  Zergling x2  
  189  8:14  Queen  
  189  8:17  Zergling x2, Roach  
  188  8:23  Zergling x12  
  188  8:31  Zergling x10, Roach  
  189  8:38  Queen x2  
  177  8:42  Zergling x6  
  177  8:45  Queen  
  168  8:51  Zergling x2, Roach x3  
  161  8:55  Roach x2  
  156  9:07  Roach x4  
  156  9:08  Roach x2  
  160  9:11  Drone x3  
  160  9:12  Drone  
Show
View Real Time Build Order
Export as new Build Order

Trap Protoss 

Build Orders: 1 Gate Expand, Oracle Opening 

Get SALT Encoding   

  12  0:00  Probe  
  13  0:13  Pylon  
  13  0:17  Probe (Chrono Boost)  
  14  0:27  Probe (Chrono Boost)  
  15  0:34  Probe  
  15  0:41  Gateway  
  16  0:46  Probe  
  16  0:49  Assimilator  
  17  0:58  Probe  
  18  1:10  Probe  
  19  1:22  Probe  
  20  1:26  Nexus  
  20  1:36  Cybernetics Core  
  20  1:38  Probe  
  21  1:45  Assimilator  
  21  1:51  Probe  
  22  1:55  Pylon  
  22  2:03  Probe  
  23  2:10  Adept (Chrono Boost)  
  23  2:13  Warp Gate  
  23  2:15  Probe  
  26  2:27  Probe (Chrono Boost)  
  26  2:29  Stargate  
  27  2:32  Pylon  
  27  2:37  Probe (Chrono Boost)  
  28  2:39  Adept  
  28  2:43  Probe (Chrono Boost)  
  32  2:52  Probe (Chrono Boost)  
  32  2:54  Probe (Chrono Boost)  
  32  2:57  Probe (Chrono Boost)  
  33  3:02  Probe  
  33  3:04  Void Ray (Chrono Boost)  
  35  3:07  Gateway  
  35  3:09  Probe  
  36  3:14  Probe  
  36  3:17  Adept  
  43  3:23  Pylon  
  43  3:24  Probe  
  43  3:26  Probe  
  45  3:38  Probe, Oracle (Chrono Boost)  
  45  3:41  Probe  
  50  3:54  Probe x2  
  51  4:00  Assimilator  
  51  4:01  Pylon, Assimilator  
  51  4:10  Nexus  
  51  4:11  Probe, Pylon  
  52  4:19  Stargate  
  52  4:21  Probe  
  52  4:22  Void Ray  
  52  4:23  Probe  
  58  4:33  Probe  
  58  4:35  Probe  
  60  4:39  Pylon, Robotics Facility  
  60  4:45  Probe  
  61  4:47  Probe  
  61  4:49  Shield Battery  
  61  4:52  Adept  
  64  4:53  Adept  
  66  5:00  Probe x2  
  66  5:05  Void Ray (Chrono Boost)  
  66  5:06  Void Ray (Chrono Boost)  
  74  5:15  Probe (Chrono Boost)  
  74  5:18  Probe (Chrono Boost)  
  74  5:20  Pylon  
  74  5:22  Probe (Chrono Boost)  
  74  5:28  Robotics Bay  
  77  5:30  Probe (Chrono Boost)  
  77  5:31  Probe (Chrono Boost)  
  77  5:32  Probe (Chrono Boost)  
  77  5:34  Probe (Chrono Boost)  
  78  5:36  Probe (Chrono Boost)  
  78  5:40  Probe  
  81  5:45  Probe, Forge  
  81  5:48  Probe  
  83  5:50  Observer  
  83  5:52  Probe, Void Ray, Assimilator  
  83  5:53  Assimilator  
  83  5:54  Void Ray  
  86  5:57  Probe  
  94  6:05  Pylon  
  94  6:06  Probe x2, Pylon  
  96  6:14  Disruptor (Chrono Boost)  
  96  6:15  Shield Battery  
  96  6:16  Probe  
  100  6:18  Probe  
  100  6:23  Probe  
  102  6:32  Pylon  
  102  6:35  Probe  
  102  6:36  Probe x2  
  102  6:37  Pylon  
  102  6:39  Protoss Air Weapons Level 1  
  101  6:40  Pylon  
  101  6:41  Disruptor (Chrono Boost)  
  101  6:47  Zealot x2  
  106  6:48  Gateway  
  106  6:51  Gateway  
  106  6:52  Pylon  
  108  6:58  Fleet Beacon  
  108  7:03  Stargate  
  108  7:08  Void Ray x2  
  108  7:11  Photon Cannon  
  116  7:25  Photon Cannon  
  116  7:26  Photon Cannon  
  116  7:27  Photon Cannon  
  113  7:44  Disruptor (Chrono Boost)  
  113  7:48  Photon Cannon  
  113  7:49  Photon Cannon  
  113  7:51  Photon Cannon  
  116  7:58  Void Ray x2 (Chrono Boost), Zealot x4  
  122  7:59  Void Ray (Chrono Boost)  
  136  8:14  Disruptor (Chrono Boost)  
  136  8:16  Photon Cannon x2  
  136  8:17  Photon Cannon  
  137  8:20  Flux Vanes  
  120  8:35  Void Ray x2 (Chrono Boost)  
  120  8:37  Void Ray (Chrono Boost)  
  113  8:46  Zealot x3  
  113  8:47  Disruptor (Chrono Boost), Zealot  
  131  8:53  Probe x3  
Tags
 
Add a new tag
Caveats
  • Supply blocks, unpowered buildings, or Contaminate may cause inaccurate times.
  • Supply counts are checked every 10 seconds.